 Dungeon Crawl Stone Soup version 0.31.0-11-ge490571c62 (webtiles) character file.

Game seed: 8773218227270111314

5606 oldriver the Thaumaturge (level 10, 0/56 HPs)
             Began as a Deep Elf Fire Elementalist on Jan 28, 2024.
             Was a Follower of Vehumet.
             Slain by a centaur warrior
             ... wielding the +11 flail "Biux" {holy, rC+}
              (3 damage)
             ... on level 8 of the Dungeon.
             The game lasted 00:22:35 (13380 turns).

oldriver the Thaumaturge (DEFE)                    Turns: 13380, Time: 00:22:52

Health: 0/56       AC:  8    Str:  5    XL:     10   Next: 45%
Magic:  18/28      EV: 15    Int: 25    God:    Vehumet [*.....]
Gold:   483        SH:  0    Dex: 15    Spells: 20/34 levels left

rFire   . . .        q - +2 sling (drain)
rCold   + . .        (no shield)
rNeg    . . .        s - +2 robe {Will+}
rPois   .            (no helmet)
rElec   +            r - +2 cloak
rCorr   .            (no gloves)
SInv    .            A - +0 pair of boots "Roxonki" {rElec rC+}
Will    ++...        f - amulet of regeneration
Stlth   +++          a - +4 ring of slaying
HPRegen 1.09/turn    (no ring)
MPRegen 0.21/turn

%: no passive effects
@: no status effects
A: no striking features
a: Renounce Religion


You were on level 8 of the Dungeon.
You worshipped Vehumet.
Vehumet was aware of your devotion.
You visited 2 branches of the dungeon, and saw 9 of its levels.
You also visited: Sewer and Bailey.

You collected 483 gold pieces.

Inventory:

Hand Weapons
 q - a +2 sling of draining (weapon)
Missiles
 e - an atropa-tipped dart
 h - 5 curare-tipped darts
Armour
 r - a +2 cloak (worn)
 s - a +2 robe of willpower (worn)
 A - the +0 pair of boots "Roxonki" (worn) {rElec rC+}
   (You found it on level 8 of the Dungeon)

   rC+:       It protects you from cold.
   rElec:     It insulates you from electricity.
Jewellery
 a - a +4 ring of slaying (left hand)
 f - an amulet of regeneration (around neck)
Wands
 u - a wand of digging (1)
 w - a wand of flame (6)
Scrolls
 d - a scroll of immolation
 p - 4 scrolls of teleportation
 x - a scroll of identify
 y - 5 scrolls of vulnerability {unknown}
 z - a scroll of enchant weapon {unknown}
Potions
 b - a potion of magic
 c - a potion of curing
 g - 4 potions of heal wounds
 i - a potion of berserk rage {unknown}
 j - 2 potions of invisibility
 k - 5 potions of enlightenment
 l - 2 potions of resistance {unknown}
 m - a potion of might
 n - a potion of mutation {unknown}
 o - a potion of ambrosia {unknown}
Miscellaneous
 t - a condenser vane


   Skills:
 + Level 3.4 Fighting
 + Level 7.3 Dodging
 + Level 5.9 Stealth
 * Level 12.6 Spellcasting
 + Level 7.3 Conjurations
 - Level 6.0 Translocations
 - Level 5.0 Fire Magic


You had 20 spell levels left.
You knew the following spells:

 Your Spells              Type           Power      Damage    Failure   Level
a - Foxfire               Conj/Fire      100%       2x1d9     1%          1
b - Scorch                Fire           80%        2d8       1%          2
v - Volatile Blastmotes   Fire/Tloc      86%        2d17      1%          3
w - Flame Wave            Conj/Fire      46%        2d12      3%          4
z - Iskenderun's Mystic   Conj/Tloc      49%        2d11      2%          4

Your spell library contained the following spells:

 Spells                   Type           Power      Damage    Failure   Level
 Kiss of Death            Conj/Necr      100%       2d13      1%          1
 Dazzling Flash           Conj/Hex       68%        N/A       2%          3
 Hailstorm                Conj/Ice       34%        3d8       2%          3
 Freeze                   Ice            60%        1d7       3%          1
 Summon Small Mammal      Summ           60%        N/A       3%          1
 Inner Flame              Hex/Fire       28%        N/A       4%          3
 Ensorcelled Hibernation  Hex/Ice        30%        N/A       6%          2
 Dimensional Bullseye     Hex/Tloc       15%        N/A       11%         4
 Call Canine Familiar     Summ           15%        N/A       12%         3
 Frozen Ramparts          Ice            30%        1d5       12%         3
 Fugue of the Fallen      Necr           15%        N/A       12%         3
 Passwall                 Erth           15%        N/A       12%         3
 Swiftness                Air            15%        N/A       12%         3
 Tukima's Dance           Hex            15%        N/A       12%         3
 Summon Blazeheart Golem  Fire/Summ      28%        N/A       14%         4
 Anguish                  Hex/Necr       7%         N/A       36%         4
 Starburst                Conj/Fire      23%        6d8       43%         6
 Plasma Beam              Fire/Air       14%        2x1d25    91%         6
 Maxwell's Capacitive Co  Air            7%         ∞         100%        8


Dungeon Overview and Level Annotations

Branches:
Dungeon (8/15)             Temple (1/1) D:6            Lair (0/5) D:8
  Sewer (visited)          Bailey (visited)

Altars:
Ashenzari
Cheibriados
Elyvilon
Fedhas
Gozag
Hepliaklqana
Kikubaaqudgha
Makhleb
Okawaru
Qazlal
Ru
Trog
Uskayaw
Vehumet
Wu Jian
Xom
Yredelemnul
Zin

Annotations:
D:6 2 transporters, Menkaure


Message History

Aim: a centaur warrior, wielding the +11 flail "Biux" {holy, rC+} and wearing the ring of Pipacyl {Fire Str-5 Int+2 Slay+3} (69% to hit, chance to blind on hit: 3%)
You throw an atropa-tipped dart.
The atropa-tipped dart hits the centaur warrior.
The centaur warrior resists.
The centaur warrior unwields the +11 flail "Biux" {holy, rC+}.
It stops glowing.
The centaur warrior wields a +0 shortbow.
The centaur warrior shoots an arrow.
The arrow misses you.
Throw: 3 darts (atropa)
Press: ? - help, Shift-Dir - straight line, f/p - centaur warrior
Aim: a centaur warrior, wielding a +0 shortbow and wearing the ring of Pipacyl {Fire Str-5 Int+2 Slay+3} (69% to hit, chance to blind on hit: 3%)
You throw an atropa-tipped dart.
The atropa-tipped dart closely misses the centaur warrior.
The centaur warrior shoots an arrow.
The arrow hits you!!
Throw: 2 darts (atropa)
Press: ? - help, Shift-Dir - straight line, f/p - centaur warrior
Aim: a centaur warrior, wielding a +0 shortbow and wearing the ring of Pipacyl {Fire Str-5 Int+2 Slay+3} (69% to hit, chance to blind on hit: 3%)
You throw an atropa-tipped dart.
The atropa-tipped dart hits the centaur warrior.
The centaur warrior resists.
The centaur warrior unwields a +0 shortbow.
The centaur warrior wields the +11 flail "Biux" {holy, rC+}.
It softly glows with a divine radiance!
The centaur warrior hits you with the +11 flail "Biux" {holy, rC+}!!
Ouch! That really hurt!
* * * LOW HITPOINT WARNING * * *
The centaur warrior barely misses you.
Okay, then.
Okay, then.
You feel much better.
The centaur warrior hits you with the +11 flail "Biux" {holy, rC+}!!
* * * LOW HITPOINT WARNING * * *
The centaur warrior kicks you but does no damage.
You feel much better.
The centaur warrior hits you with the +11 flail "Biux" {holy, rC+}.
The centaur warrior barely misses you.
The centaur warrior hits you with the +11 flail "Biux" {holy, rC+}!!
* * * LOW HITPOINT WARNING * * *
The centaur warrior kicks you.
You die...

#....#.#### .o.# #.
#(...# # #o.## #. #....#
#....####. #....# ####
#......##. #....# #..###
#§.§§##.#. #....#
##.#.### #K§####.#.
#.#..# #.#.#.###
.K)####..##. ##.#.#.#.###
.####o...##.
#.....[.@c(#####..######.
##.#.#.#.##.##........##.
#†#.#.#####.)##########.
##†#.####..###....... #.
##..####.##..####..### #.
#.####..)...#.## #... #.
#.##)######.##.## #. #.
##..........###.## #.
###.######.# ##.########.


You could see a centaur warrior.

Vanquished Creatures
  An orc knight (Bailey)
  A hornet (D:8)
  Sigmund (D:5)
  4 yaks (D:7)
  A steam dragon (D:8)
  A vampire mosquito (D:8)
  Duvessa (D:5)
  3 water moccasins
  3 ice beasts
  6 orc warriors (Bailey)
  A sky beast (D:6)
  A laughing skull (D:8)
  An ogre (D:4)
  A centaur (D:8)
  A phantom (D:5)
  A kobold brigand (D:8)
  2 brain worms (Sewer)
  A gnoll sergeant (D:6)
  2 bullfrogs (D:7)
  3 scorpions
  11 wights
  Dowan (D:5)
  3 howler monkeys (D:8)
  5 bombardier beetles
  A crimson imp (D:6)
  3 hounds
  3 jellies
  A sleepcap (D:6)
  7 iguanas
  Terence (D:2)
  3 orc wizards
  3 gnolls (D:6)
  11 adders
  5 river rats
  3 shadow imps
  A white imp (D:8)
  3 ufetubi (D:6)
  2 dart slugs
  3 ribbon worms
  21 orcs
  9 ball pythons
  7 bats
  6 endoplasms
  3 giant cockroaches (D:3)
  11 goblins
  9 hobgoblins
  6 jackals
  17 kobolds
  3 quokkas
  3 frilled lizards
  10 rats
211 creatures vanquished.

Vanquished Creatures (collateral kills)
  20 foxfires (Sewer)
20 creatures vanquished.

Vanquished Creatures (others)
  897 foxfires
897 creatures vanquished.

Grand Total: 1128 creatures vanquished

Notes
Turn   | Place    | Note
-------+----------+-------------------------------------------
     0 | D:1      | oldriver the Deep Elf Fire Elementalist began the quest for
                  | the Orb.
     0 | D:1      | Reached XP level 1. HP: 10/10 MP: 6/6
   327 | D:1      | Reached XP level 2. HP: 15/15 MP: 6/8
   432 | D:1      | Learned a level 2 spell: Scorch
  1390 | D:2      | Noticed Terence
  1406 | D:1      | Reached XP level 3. HP: 8/19 MP: 0/10
  1736 | D:2      | Reached skill level 4 in Spellcasting
  1770 | D:2      | Killed Terence
  1771 | D:2      | Reached XP level 4. HP: 17/24 MP: 0/12
  2169 | D:2      | Learned a level 3 spell: Volatile Blastmotes
  2563 | D:3      | Found a faded altar of an unknown god.
  2776 | D:3      | Found a glowing drain.
  2784 | D:3      | Reached XP level 5. HP: 28/28 MP: 7/14
  2789 | D:3      | Reached skill level 5 in Spellcasting
  2885 | Sewer    | Entered a sewer
  3784 | Sewer    | Reached XP level 6. HP: 20/32 MP: 0/16
  4527 | Sewer    | Reached skill level 6 in Spellcasting
  4785 | D:3      | Learned a level 4 spell: Flame Wave
  4946 | D:3      | Found an opulent altar of Gozag.
  5666 | D:4      | Reached XP level 7. HP: 37/37 MP: 8/19
  5800 | D:4      | Reached skill level 1 in Translocations
  5934 | D:4      | Reached skill level 1 in Fighting
  5986 | D:4      | Reached skill level 7 in Spellcasting
  6384 | D:4      | Found a broken altar of Ashenzari.
  6413 | D:5      | Entered Level 5 of the Dungeon
  6615 | D:5      | Noticed Duvessa
  6617 | D:5      | Noticed Dowan
  6636 | D:5      | Killed Duvessa
  6789 | D:5      | Killed Dowan
  6897 | D:5      | Noticed Sigmund
  6903 | D:5      | Killed Sigmund
  6904 | D:5      | Reached XP level 8. HP: 44/44 MP: 15/21
  7113 | D:5      | Reached skill level 5 in Dodging
  7122 | D:5      | Identified the +0 buckler of Impatience {rF- Str+3 Dex+4}
  7171 | D:5      | Reached skill level 8 in Spellcasting
  7477 | D:5      | Found a blossoming altar of Fedhas.
  7517 | D:5      | Reached skill level 5 in Fire Magic
  7752 | D:5      | Found a snail-covered altar of Cheibriados.
  7862 | D:5      | Learned a level 4 spell: Iskenderun's Mystic Blast
  8071 | D:6      | Found a basalt altar of Yredelemnul.
  8071 | D:6      | Found a transporter.
  8071 | D:6      | Found an ancient bone altar of Kikubaaqudgha.
  8072 | D:6      | Noticed Menkaure
  8323 | D:6      | Found a burning altar of Makhleb.
  8323 | D:6      | Found a shimmering altar of Xom.
  8419 | D:6      | Found a sacrificial altar of Ru.
  8433 | D:6      | Found a transporter.
  8455 | D:6      | Reached skill level 9 in Spellcasting
  8459 | D:6      | Reached skill level 5 in Conjurations
  8781 | D:6      | Found a staircase to the Ecumenical Temple.
  8851 | Temple   | Entered the Ecumenical Temple
  8861 | Temple   | Became a worshipper of Vehumet
  9207 | D:6      | Found an ornate altar of the Wu Jian Council.
  9258 | D:7      | Reached XP level 9. HP: 26/48 MP: 15/24
  9259 | D:7      | Reached skill level 10 in Spellcasting
  9605 | D:7      | Found a white marble altar of Elyvilon.
  9814 | D:7      | Reached skill level 11 in Spellcasting
 10443 | D:7      | Reached skill level 5 in Translocations
 10898 | D:8      | Found a staircase to the Lair.
 11009 | D:8      | Found a flagged portal.
 11065 | Bailey   | Entered a bailey
 11072 | Bailey   | Noticed an orc knight
 11371 | Bailey   | Reached * piety under Vehumet
 11371 | Bailey   | Offered knowledge of Kiss of Death by Vehumet.
 11458 | Bailey   | Killed an orc knight
 11459 | Bailey   | Reached skill level 5 in Stealth
 11459 | Bailey   | Reached skill level 12 in Spellcasting
 11459 | Bailey   | Reached XP level 10. HP: 55/55 MP: 10/28
 12987 | D:8      | Identified the +0 pair of boots "Roxonki" {rElec rC+}
 13375 | D:8      | Identified the +11 flail "Biux" {holy, rC+}
 13375 | D:8      | Identified the ring of Pipacyl {Fire Str-5 Int+2 Slay+3}
 13375 | D:8      | Noticed a centaur warrior
 13380 | D:8      | Slain by a centaur warrior

Illustrated notes

Levels and vault maps discovered:
D:1:      evilmike_arrival_crescent, layout_loops_ring
D:2:      layout_loops_cross, uniq_terence
D:3:      layout_loops_ring, nicolae_gozag_seed_capital, portal_sewer_entry_a,
          basic_ecumenical_altar
D:4:      layout_basic, kennysheep_little_box
D:5:      layout_loops_corners, mainiacjoe_overflow_alcove_2, slow_altar_2,
          minivault_11, dreamdust_princess_corridor, uniq_duvessa, uniq_sigmund
D:6:      layout_basic, grunt_temple_overflow_champion_of_chaos,
          marbit_many_paths, mainiacjoe_overflow_cross_hatched,
          gammafunk_temple_of_torment, minmay_temple_entry_large_hall,
          minmay_crossroads
D:7:      layout_rooms, elyvilon_altar_3, serial_glass, glass_columns_c,
          glass_columns_b, reono_crystal_passage
D:8:      minmay_the_grid_triangle_9x9_rhombus_full
          [minmay_the_grid_triangle_9x9_minimal,
          minmay_the_grid_triangle_9x9_wacky_v,
          minmay_the_grid_triangle_9x9_odd_lines,
          minmay_the_grid_triangle_9x9_from_above,
          minmay_the_grid_triangle_9x9_skeleton,
          minmay_the_grid_triangle_9x9_flanged_cone,
          minmay_the_grid_triangle_9x9_intruding_spiral,
          minmay_the_grid_triangle_9x9_prize_insulated], layout_basic,
          lemuel_round_altar, mainiacjoe_overflow_six_doors_small,
          lair_entry_dummy, enter_bailey_4
Temple:   nicolae_temple_great_sept

Skill      XL: |  1  2  3  4  5  6  7  8  9 10 |
---------------+-------------------------------+-----
Stealth        | 3 4 5 |  5.9
Spellcasting   | 4 5 6 7 9 12 | 12.6
Dodging        | 3 4 6 7 |  7.3
Conjurations   | 2 3 4 5 6 7 |  7.3
Fire Magic     | 4 5 |  5.0
Translocations | 2 4 5 6 |  6.0
Fighting       | 1 2 3 |  3.4

Action                     |  1- 3 |  4- 6 |  7- 9 | 10-12 || total
---------------------------+-------+-------+-------+-------++-------
  Melee: Dagger            |     5 |    12 |       |       ||    17
   Fire: Sling             |       |     5 |    20 |       ||    25
  Throw: Dart              |     6 |     2 |     9 |     3 ||    20
   Cast: Foxfire           |    60 |   130 |   283 |    69 ||   542
         Scorch            |    16 |    33 |    59 |    33 ||   141
         Volatile Blastmot |       |       |    10 |     1 ||    11
         Iskenderun's Myst |       |       |     8 |     4 ||    12
         Flame Wave        |       |       |     1 |       ||     1
    Use: Potion            |     1 |       |     2 |     2 ||     5
         Scroll            |       |     4 |    11 |       ||    15
 Armour: Robe              |     5 |     9 |    31 |    17 ||    62
  Dodge: Dodged            |    11 |     7 |    19 |    10 ||    47
